[Event "Titled Tuesday Blitz July 11 Late 2023"]
[White "Piesik, Piotr"]
[Black "Seletsky, Grigory"]
[WhiteFideId "1136194"]
[BlackFideId "14112191"]
[WhiteElo "2611"]
[BlackElo "2417"]
[Result "0-1"]
[Round "4"]
[TimeControl "180+2"]
[Date "2023.07.11"]
[WhiteClock "0:01:50"]
[BlackClock "0:01:40"]
[Board "73"]

1. Nf3 d5 2. g3 Nf6 3. Bg2 c6 4. O-O Bf5 5. d3 h6 6. Nbd2 e6 7. Qe1 Bh7 8. e4 Be7 9. Qe2 O-O 10. b3 a5 11. a4 Na6 12. Bb2 Nb4 13. Ne1 Bc5 14. Kh1 Re8 15. e5 Nd7 16. f4 b5 17. axb5 cxb5 18. c3 Nc6 19. d4 Bf8 20. Qxb5 Qc7 21. Qe2 Reb8 22. Ba3 Bxa3 23. Rxa3 Ne7 24. c4 dxc4 25. Bxa8 Rxa8 26. bxc4 Nf5 27. Nef3 Nb6 28. Rc1 Qd7 29. Nb3 a4 30. Nc5 Qc6 31. Kg1 Nxd4 32. Nxd4 Qxc5 33. Qf2 Qxa3 0-1


[Site "https://www.chess.com"]

[Event "Titled Tuesday Blitz July 11 Late 2023"]
[White "Pinero Rodriguez, Carlos Jose"]
[Black "Ganiev, Roman"]
[WhiteFideId "3901726"]
[BlackFideId "4131452"]
[WhiteElo "2406"]
[BlackElo "2609"]
[Result "1-0"]
[Round "4"]
[TimeControl "180+2"]
[Date "2023.07.11"]
[WhiteClock "0:02:23"]
[BlackClock "0:01:14"]
[Board "74"]

1. b3 e5 2. Bb2 Nc6 3. e3 Nf6 4. Bb5 Bd6 5. c4 Qe7 6. Nc3 a6 7. Ba4 O-O 8. a3 Re8 9. b4 Qd8 10. Qc2 Bf8 11. Nf3 d5 12. cxd5 Nxd5 13. Nxd5 Qxd5 14. Bb3 Qd6 15. Ng5 e4 16. Nxf7 Qe7 17. Ng5+ Kh8 18. Qc4 1-0


[Site "https://www.chess.com"]

[Event "Titled Tuesday Blitz July 11 Late 2023"]
[White "Chen, Justin"]
[Black "Harriott, Tyrell"]
[WhiteFideId "2098199"]
[BlackFideId "2086484"]
[WhiteElo "2608"]
[BlackElo "2390"]
[Result "1-0"]
[Round "4"]
[TimeControl "180+2"]
[Date "2023.07.11"]
[WhiteClock "0:00:31"]
[BlackClock "0:00:20"]
[Board "75"]

1. e4 e6 2. d4 d5 3. e5 c5 4. c3 Nc6 5. Nf3 f5 6. exf6 Nxf6 7. Bd3 Bd6 8. O-O O-O 9. Re1 Ng4 10. h3 Nxf2 11. Kxf2 Qh4+ 12. Ke2 Rxf3 13. gxf3 e5 14. dxc5 Bxc5 15. Kd2 Bxh3 16. Kc2 Bf2 17. Rh1 e4 18. fxe4 dxe4 19. Bf1 Rd8 20. Rxh3 Qf6 21. Bc4+ Kf8 22. Qe2 e3 23. Rf3 Ne5 24. Rxf6+ gxf6 25. Bxe3 Bxe3 26. Qxe3 Nxc4 27. Qc5+ Nd6 28. Nd2 Kf7 29. Qc7+ Ke6 30. Qxd8 Nf5 31. Re1+ Ne3+ 32. Rxe3+ Kf5 33. Qd5+ Kg6 34. Rg3+ Kh6 35. Qf5 b5 36. Qh3# 1-0


[Site "https://www.chess.com"]

[Event "Titled Tuesday Blitz July 11 Late 2023"]
[White "Todorovic, Bojan"]
[Black "Zavgorodniy, Sergiy"]
[WhiteFideId "917087"]
[BlackFideId "14110148"]
[WhiteElo "2386"]
[BlackElo "2598"]
[Result "1-0"]
[Round "4"]
[TimeControl "180+2"]
[Date "2023.07.11"]
[WhiteClock "0:00:24"]
[BlackClock "0:00:02"]
[Board "76"]

1. d4 d5 2. c4 dxc4 3. Nf3 Nf6 4. e3 e6 5. Bxc4 a6 6. O-O b5 7. Bb3 Bb7 8. Qe2 Nbd7 9. Rd1 c5 10. dxc5 Bxc5 11. Nc3 O-O 12. e4 Ng4 13. Nd4 Qh4 14. h3 Nxf2 15. Qxf2 Qxf2+ 16. Kxf2 e5 17. Be3 exd4 18. Bxd4 Bxd4+ 19. Rxd4 Ne5 20. Nd5 Bxd5 21. exd5 Rfd8 22. d6 Kf8 23. Rc1 Rac8 24. Rc7 f6 25. g4 Nc4 26. Bxc4 bxc4 27. Rdxc4 Rxc7 28. dxc7 Rc8 29. Rc6 a5 30. Rc5 a4 31. Rc4 Ke7 32. Rxa4 Rxc7 33. Ke3 Rc2 34. Rb4 Rh2 35. a4 Rxh3+ 36. Kd4 Kd6 37. Rb7 Rg3 38. Rxg7 Rb3 39. Rxh7 Rxb2 40. Ke4 Ke6 41. Ra7 Rb4+ 42. Kf3 Rb3+ 43. Kf4 Rb4+ 44. Kg3 f5 45. Ra6+ Ke5 46. Ra5+ Ke6 47. gxf5+ Kf6 48. Kf3 Rb3+ 49. Ke4 Rb4+ 50. Kd3 Rf4 51. Kc3 Rg4 52. Kb3 Rf4 53. Rc5 Ke7 54. a5 Kd6 55. Rb5 Kc6 56. Rb6+ Kc5 57. f6 Rf3+ 58. Kc2 Ra3 59. f7 Rxa5 60. f8=Q+ Kxb6 61. Kc3 Rc5+ 62. Kb4 Rc6 63. Qd8+ Kb7 64. Kb5 Rc7 65. Qd5+ Ka7 66. Qe6 Kb7 67. Qe4+ Ka7 68. Qd5 Rb7+ 69. Kc6 Rb6+ 70. Kc7 Rb2 71. Qd4+ Rb6 72. Qxb6+ Ka8 73. Qb7# 1-0


[Site "https://www.chess.com"]

[Event "Titled Tuesday Blitz July 11 Late 2023"]
[White "Janturin, Artur"]
[Black "Tarasova, Viktoriya"]
[WhiteFideId "4130022"]
[BlackFideId "4175840"]
[WhiteElo "2596"]
[BlackElo "2382"]
[Result "1-0"]
[Round "4"]
[TimeControl "180+2"]
[Date "2023.07.11"]
[WhiteClock "0:00:15"]
[BlackClock "0:00:00"]
[Board "77"]

1. e4 e5 2. Nf3 Nc6 3. g3 Bc5 4. Bg2 d6 5. O-O Nf6 6. Nc3 O-O 7. d3 h6 8. a3 a5 9. Be3 Bg4 10. h3 Bxf3 11. Qxf3 Bxe3 12. Qxe3 Nd4 13. Rac1 Nd7 14. Ne2 Nxe2+ 15. Qxe2 c6 16. c3 Qb6 17. Kh2 Nc5 18. f4 f6 19. h4 a4 20. Rcd1 Ne6 21. Bh3 Rae8 22. Qf2 Qc7 23. Qf3 Nc5 24. Rd2 Re7 25. Bf5 Ree8 26. Qg4 Rd8 27. Qg6 Rfe8 28. Qh7+ Kf8 29. Bg6 Ne6 30. f5 Nc5 31. Qh8+ 1-0


[Site "https://www.chess.com"]

[Event "Titled Tuesday Blitz July 11 Late 2023"]
[White "Semenenko, Dmytry"]
[Black "NLLO777"]
[WhiteFideId "14118645"]
[WhiteElo "2362"]
[BlackElo "2592"]
[Result "0-1"]
[Round "4"]
[TimeControl "180+2"]
[Date "2023.07.11"]
[WhiteClock "0:00:17"]
[BlackClock "0:01:03"]
[Board "78"]

1. Nf3 Nf6 2. c4 g6 3. d4 c5 4. e3 Bg7 5. Nc3 O-O 6. Be2 cxd4 7. exd4 d5 8. c5 b6 9. cxb6 axb6 10. O-O Nc6 11. Bg5 h6 12. Bh4 Ne4 13. Qb3 e6 14. Bxd8 Rxd8 15. Nxe4 dxe4 16. Qc3 Bb7 17. Ne5 Nxd4 18. Qc7 Nxe2+ 19. Kh1 Bxe5 20. Qxe5 Rd2 21. Rae1 Bd5 22. a3 Rc8 23. f3 exf3 24. gxf3 Rcc2 25. Qb8+ Kg7 26. Rf2 Ng3+ 27. Qxg3 Rxf2 28. Qe5+ f6 29. Qg3 Bxf3+ 0-1


[Site "https://www.chess.com"]

[Event "Titled Tuesday Blitz July 11 Late 2023"]
[White "Geivondian, Arman"]
[Black "Gerbelli Neto, Eduardo"]
[WhiteFideId "24102032"]
[BlackFideId "2103281"]
[WhiteElo "2590"]
[BlackElo "2338"]
[Result "0-1"]
[Round "4"]
[TimeControl "180+2"]
[Date "2023.07.11"]
[WhiteClock "0:01:09"]
[BlackClock "0:00:16"]
[Board "79"]

1. e4 e5 2. Nf3 Nc6 3. Bb5 a6 4. Ba4 d6 5. c3 f5 6. d3 Be7 7. O-O Nf6 8. Bg5 O-O 9. Bxf6 Bxf6 10. Nbd2 Kh8 11. Bxc6 bxc6 12. d4 exd4 13. Nxd4 fxe4 14. Nxe4 c5 15. Ne2 Bb7 16. N2g3 Be5 17. Qh5 g6 18. Qh6 Bf4 19. Qh3 Bc8 20. Nf5 Bxf5 21. Qf3 Bxe4 22. Qxe4 Qf6 23. g3 Bh6 24. Rae1 Bg7 25. f4 Rab8 26. Re2 Qf7 27. Rfe1 Qxa2 28. b4 Qf7 29. bxc5 Bxc3 30. Rc1 Rfe8 31. Qd3 Rxe2 32. Qxe2 Bd4+ 33. Kg2 dxc5 34. Rc2 Qd5+ 35. Kh3 Qf5+ 36. Kg2 h5 37. Rd2 Qd5+ 38. Kh3 Qd7+ 39. Kg2 Re8 40. Qxa6 Qd5+ 41. Kh3 Qf5+ 42. Kg2 Qe4+ 43. Kh3 Qe1 44. Rxd4 cxd4 45. Qf6+ Kh7 46. Qf7+ Kh6 47. Qxc7 Qf1+ 48. Kh4 Qe2 49. h3 d3 50. f5 Qe7+ 51. Qxe7 Rxe7 52. g4 gxf5 53. gxf5 d2 54. f6 Rf7 55. Kg3 d1=Q 56. Kh4 Qe1# 0-1


[Site "https://www.chess.com"]

[Event "Titled Tuesday Blitz July 11 Late 2023"]
[White "Swayams, Mishra"]
[Black "Harish, Neeraj"]
[WhiteFideId "5028183"]
[BlackFideId "30958130"]
[WhiteElo "2589"]
[BlackElo "2303"]
[Result "1-0"]
[Round "4"]
[TimeControl "180+2"]
[Date "2023.07.11"]
[WhiteClock "0:00:18"]
[BlackClock "0:00:00"]
[Board "80"]

1. d4 Nf6 2. Nf3 g6 3. c4 Bg7 4. Nc3 d5 5. Bf4 O-O 6. e3 c5 7. dxc5 Ne4 8. Rc1 Nxc3 9. bxc3 Qa5 10. cxd5 Bxc3+ 11. Nd2 Rd8 12. Bc4 Na6 13. Bxa6 bxa6 14. e4 f5 15. O-O fxe4 16. Nxe4 Bg7 17. d6 Be6 18. Ng5 Bxa2 19. Qe2 exd6 20. cxd6 Rf8 21. Be3 Rad8 22. Rfd1 h6 23. Rc5 Qa4 24. Nf3 Rc8 25. Rxc8 Rxc8 26. Bxa7 Rd8 27. d7 Kh7 28. Bb6 Rxd7 29. Rxd7 Qxd7 30. Qxa6 Bf7 31. Qe2 Bf6 32. Be3 Bg7 33. h3 Qe6 34. Qd2 Qf6 35. Bd4 Qe6 36. Bxg7 Kxg7 37. Qd4+ Qf6 38. Ne5 Be6 39. f4 Bf5 40. Qa7+ Kg8 41. Qb8+ Kg7 42. Qc7+ Kg8 43. Qc3 Kg7 44. Kh2 h5 45. Kg3 Be6 46. Qc7+ Kh6 47. Qd6 h4+ 48. Kf2 Kg7 49. Qd4 Bf7 50. Ke3 Be6 51. Nf3 Qxd4+ 52. Kxd4 Bd7 53. Nxh4 Kf6 54. Nf3 Bc6 55. Ke3 Bb7 56. g4 Ba8 57. Nd4 Bb7 58. Kf2 Ba8 59. Kg3 Bb7 60. Nf3 Ba8 61. g5+ Kg7 62. Nh4 Be4 63. Nf3 Bb7 64. Nh4 Be4 65. Kg4 Bb1 66. f5 gxf5+ 67. Nxf5+ Kg8 68. h4 Bd3 69. h5 Be2+ 70. Kh4 Bd3 71. Ng3 Bc2 72. Kg4 Kg7 73. Kf4 Bb1 74. Nf5+ Kg8 75. g6 Bc2 76. Kg5 Bb1 77. Kf6 Bd3 78. Ne7+ Kh8 79. g7+ 1-0


[Site "https://www.chess.com"]

[Event "Titled Tuesday Blitz July 11 Late 2023"]
[White "StarkyNZ"]
[Black "Leon Oquendo, Jorge"]
[BlackFideId "3514803"]
[WhiteElo "2297"]
[BlackElo "2584"]
[Result "0-1"]
[Round "4"]
[TimeControl "180+2"]
[Date "2023.07.11"]
[WhiteClock "0:01:20"]
[BlackClock "0:01:11"]
[Board "81"]

1. c4 e5 2. Nc3 Nf6 3. g3 Bb4 4. Qc2 O-O 5. Bg2 Re8 6. e3 Bxc3 7. Qxc3 d5 8. Ne2 d4 9. Qb3 Nc6 10. d3 Bg4 11. e4 Bxe2 12. Kxe2 a5 13. Bd2 a4 14. Qxb7 Qd7 15. Qb5 Reb8 16. Qc5 Rxb2 17. h3 a3 18. g4 Ra5 0-1


[Site "https://www.chess.com"]

[Event "Titled Tuesday Blitz July 11 Late 2023"]
[White "Manukyan, Artyom"]
[Black "rikchessmx"]
[WhiteFideId "13305786"]
[WhiteElo "2576"]
[BlackElo "2257"]
[Result "1-0"]
[Round "4"]
[TimeControl "180+2"]
[Date "2023.07.11"]
[WhiteClock "0:00:01"]
[BlackClock "0:00:00"]
[Board "82"]

1. e4 e5 2. Nf3 Nc6 3. Bb5 Bc5 4. c3 Qf6 5. O-O Nge7 6. d4 exd4 7. e5 Nxe5 8. Nxe5 Qxe5 9. Re1 Qf6 10. cxd4 Bxd4 11. Be3 Bxb2 12. Bc5 Be5 13. Bxe7 Qxe7 14. Qd5 f6 15. f4 c6 16. Qd1 Qc5+ 17. Kh1 Qxb5 18. fxe5 O-O 19. a4 Qb2 20. Ra3 fxe5 21. Rb3 Qd4 22. Rd3 Qc5 23. Rd6 b5 24. a5 b4 25. h3 Qxa5 26. Qb3+ Kh8 27. Nd2 Qa3 28. Qb1 b3 29. Nc4 Qb4 30. Re4 Ba6 31. Rh4 e4 32. Qxe4 Rf1+ 33. Kh2 Qxd6+ 34. Nxd6 Bd3 35. Qxd3 h6 36. Qg6 Rf6 37. Rxh6+ Kg8 38. Qg5 Rxh6 39. Nc4 1-0


[Site "https://www.chess.com"]

[Event "Titled Tuesday Blitz July 11 Late 2023"]
[White "Schachpanda_Youtube"]
[Black "Guz, Ari"]
[BlackFideId "2825759"]
[WhiteElo "2236"]
[BlackElo "2574"]
[Result "0-1"]
[Round "4"]
[TimeControl "180+2"]
[Date "2023.07.11"]
[WhiteClock "0:00:37"]
[BlackClock "0:01:47"]
[Board "83"]

1. e4 a6 2. d4 c6 3. Bd3 d5 4. Nc3 dxe4 5. Nxe4 Nf6 6. Nf3 Bg4 7. c3 Nbd7 8. O-O e6 9. Re1 Nxe4 10. Bxe4 Bd6 11. h3 Bh5 12. Qc2 Nf6 13. Bg5 Qc7 14. Bxf6 gxf6 15. d5 cxd5 16. Bxd5 O-O-O 17. Nd4 Bh2+ 18. Kh1 Rxd5 19. Qe4 Be5 20. Rad1 Bxd1 0-1


[Site "https://www.chess.com"]

[Event "Titled Tuesday Blitz July 11 Late 2023"]
[White "Vujacic, Igor"]
[Black "Shohat, Yotam"]
[WhiteFideId "932620"]
[BlackFideId "2813955"]
[WhiteElo "2205"]
[BlackElo "2571"]
[Result "1/2-1/2"]
[Round "4"]
[TimeControl "180+2"]
[Date "2023.07.11"]
[WhiteClock "0:00:04"]
[BlackClock "0:00:05"]
[Board "84"]

1. d4 Nf6 2. Bf4 g6 3. Nc3 Bg7 4. e4 d5 5. e5 Ne4 6. Nce2 f6 7. f3 Ng5 8. Qd2 Nf7 9. exf6 exf6 10. h4 O-O 11. O-O-O Nd6 12. Nc3 Be6 13. g4 Re8 14. Bd3 Nc6 15. Nge2 Nb4 16. g5 Nxd3+ 17. cxd3 Nf5 18. h5 fxg5 19. Bxg5 Qd7 20. hxg6 hxg6 21. Nf4 Kf7 22. Rdg1 Rh8 23. Qg2 Rxh1 24. Rxh1 Rh8 25. Rxh8 Bxh8 26. Bh6 Ne7 27. Bg5 Bf5 28. Bxe7 Qxe7 29. Ncxd5 Qe1+ 30. Kc2 Bxd4 31. Nc3 Qe3 32. Qh2 Qf2+ 33. Qxf2 Bxf2 34. Kd2 c6 35. Ke2 Bd4 36. Ng2 Be6 37. Ne3 Bxc3 38. bxc3 Bxa2 39. c4 b5 40. Kd2 bxc4 41. dxc4 Bb1 42. Kc3 Ke6 43. Kd4 Kd6 44. c5+ Ke6 45. Nc4 Ba2 46. Ne5 Bd5 47. Nxg6 Bxf3 48. Ne5 Bd5 49. Nd3 Kd7 50. Nb4 Bf3 51. Na6 Kc8 52. Nb4 a5 53. Na2 Kb7 54. Nc3 Ka6 55. Ke5 Bg4 56. Kd6 Kb7 57. Ke5 Bh5 58. Kd6 Bf7 59. Ke5 Bb3 60. Nb1 Ka6 61. Kd4 Kb5 62. Kc3 Bd5 63. Na3+ Kxc5 64. Nc2 Kb5 65. Nd4+ Kc5 66. Nxc6 Kb6 67. Nxa5 1/2-1/2


[Site "https://www.chess.com"]

[Event "Titled Tuesday Blitz July 11 Late 2023"]
[White "gordonzyxu"]
[Black "Siniauski, Artsiom"]
[BlackFideId "13512269"]
[WhiteElo "1960"]
[BlackElo "2570"]
[Result "0-1"]
[Round "4"]
[TimeControl "180+2"]
[Date "2023.07.11"]
[WhiteClock "0:00:05"]
[BlackClock "0:00:29"]
[Board "85"]

1. e4 d6 2. d4 Nf6 3. Nc3 Nbd7 4. Be3 e5 5. Nf3 c6 6. Bc4 Be7 7. O-O Qc7 8. Qd2 h6 9. Rad1 b5 10. Bxb5 cxb5 11. Nxb5 Qc6 12. dxe5 dxe5 13. Qa5 O-O 14. Nxa7 Qxc2 15. Nxe5 Qxe4 16. Nec6 Bb7 17. Nxe7+ Qxe7 18. Qc7 Qe4 19. Qg3 Qe5 20. f4 Qxb2 21. Rd2 Qa3 22. Rfd1 Rxa7 23. Bxa7 Qxa7+ 24. Rf2 Ne4 25. Qf3 Nxf2 26. Qxf2 Qxf2+ 27. Kxf2 Nf6 28. Rb1 Bd5 29. a4 Ra8 30. Rb4 Bc6 0-1


[Site "https://www.chess.com"]

[Event "Titled Tuesday Blitz July 11 Late 2023"]
[White "Fiorito, Francisco"]
[Black "Navyblue1"]
[WhiteFideId "180165"]
[WhiteElo "2569"]
[BlackElo "1838"]
[Result "1-0"]
[Round "4"]
[TimeControl "180+2"]
[Date "2023.07.11"]
[WhiteClock "0:01:19"]
[BlackClock "0:00:02"]
[Board "86"]

1. d4 Nf6 2. Nc3 d5 3. Bf4 c6 4. e3 b5 5. Nf3 Bg4 6. h3 Bh5 7. Bd3 Nbd7 8. O-O e6 9. e4 dxe4 10. Nxe4 Nxe4 11. Bxe4 Rc8 12. Re1 Be7 13. Qd3 Bg6 14. Bxg6 hxg6 15. Rad1 O-O 16. g3 Qa5 17. a3 Rfd8 18. Qe2 Qb6 19. h4 Nf6 20. Ng5 c5 21. dxc5 Bxc5 22. c3 Qb7 23. Be3 Bxe3 24. Qxe3 a6 25. Qf4 Qc6 26. g4 Qb7 27. h5 gxh5 28. gxh5 Nxh5 29. Qh4 g6 30. Rxd8+ Rxd8 31. Nxf7 Rf8 32. Ne5 Qd5 33. Qg5 Nf4 34. Re3 Rf5 35. Qg4 Qd1+ 36. Qxd1 Nh3+ 37. Rxh3 1-0


[Site "https://www.chess.com"]

[Event "Titled Tuesday Blitz July 11 Late 2023"]
[White "Bazeev, German"]
[Black "Srinath, Rao S.V."]
[WhiteFideId "24119350"]
[BlackFideId "5028876"]
[WhiteElo "2794"]
[BlackElo "2512"]
[Result "0-1"]
[Round "4"]
[TimeControl "180+2"]
[Date "2023.07.11"]
[WhiteClock "0:00:02"]
[BlackClock "0:00:11"]
[Board "87"]

1. c4 Nf6 2. Nc3 g6 3. d4 Bg7 4. Nf3 O-O 5. Bg5 d6 6. e3 c5 7. Be2 Nc6 8. O-O h6 9. Bh4 g5 10. Bg3 Nh5 11. d5 Nxg3 12. hxg3 Ne5 13. Nd2 f5 14. f4 Nf7 15. Qc2 a6 16. a4 b6 17. Bh5 e5 18. dxe6 Bxe6 19. Nd5 Bxd5 20. cxd5 Qf6 21. Nc4 b5 22. Na5 Nd8 23. b3 Ra7 24. Rad1 Re7 25. Qd2 Qc3 26. Nc6 Rxe3 27. Qxc3 Bxc3 28. Kh2 g4 29. Rf2 Be1 30. Ra2 Bxg3+ 31. Kh1 Bxf4 32. axb5 axb5 33. Rf1 Bg5 34. Ra7 Rxb3 35. Bg6 f4 36. Bh5 f3 37. Bxg4 fxg2+ 38. Kxg2 Rb2+ 39. Kg1 Be3+ 0-1


[Site "https://www.chess.com"]

[Event "Titled Tuesday Blitz July 11 Late 2023"]
[White "Yanchenko, Roman"]
[Black "Dragomirescu, Robin-Alexandru"]
[WhiteFideId "4137329"]
[BlackFideId "1213849"]
[WhiteElo "2733"]
[BlackElo "2511"]
[Result "1-0"]
[Round "4"]
[TimeControl "180+2"]
[Date "2023.07.11"]
[WhiteClock "0:02:55"]
[BlackClock "0:01:35"]
[Board "88"]

1. d4 Nf6 2. c4 e6 3. Nf3 b6 4. Nc3 Bb4 5. Qc2 Bb7 6. g3 c5 7. dxc5 Bxc5 8. Bg2 d5 9. cxd5 Nxd5 10. Nxd5 Qxd5 11. a3 a5 12. Bd2 O-O 13. Ng5 1-0


[Site "https://www.chess.com"]

[Event "Titled Tuesday Blitz July 11 Late 2023"]
[White "Oro, Faustino"]
[Black "Martinez Reyes, Pedro Ramon"]
[WhiteFideId "20000197"]
[BlackFideId "3901807"]
[WhiteElo "2728"]
[BlackElo "2502"]
[Result "1-0"]
[Round "4"]
[TimeControl "180+2"]
[Date "2023.07.11"]
[WhiteClock "0:01:47"]
[BlackClock "0:01:21"]
[Board "89"]

1. e4 d5 2. exd5 Qxd5 3. Nc3 Qd8 4. d4 Nf6 5. Nf3 g6 6. Bc4 Bg7 7. O-O O-O 8. h3 Nc6 9. Re1 b6 10. Bf4 Bb7 11. a3 e6 12. Qd2 Ne7 13. Ne5 Nf5 14. Rad1 Nh5 15. Bh2 Nh4 16. d5 exd5 17. Bxd5 Bxd5 18. Nxd5 Re8 19. Nc6 Rxe1+ 20. Rxe1 Qf8 21. Nxc7 Qc5 22. Ne7+ Kh8 23. Nxa8 Bxb2 24. Qd8+ Kg7 25. Qg8+ Kh6 26. Qf8+ Bg7 27. Ng8+ Kg5 28. Qxc5+ bxc5 1-0


[Site "https://www.chess.com"]

[Event "Titled Tuesday Blitz July 11 Late 2023"]
[White "JERO-8914"]
[Black "Bolourchifard, Farzad"]
[BlackFideId "12510084"]
[WhiteElo "2471"]
[BlackElo "2662"]
[Result "0-1"]
[Round "4"]
[TimeControl "180+2"]
[Date "2023.07.11"]
[WhiteClock "0:00:11"]
[BlackClock "0:00:18"]
[Board "90"]

1. e4 e5 2. Nf3 Nc6 3. Bc4 Bc5 4. c3 Nf6 5. b4 Bb6 6. d3 d6 7. h3 h6 8. Qb3 O-O 9. a4 a5 10. b5 Ne7 11. O-O Ng6 12. Be3 Nd7 13. d4 Nh4 14. Nbd2 Qf6 15. Rfe1 Nxf3+ 16. Nxf3 Qg6 17. Rad1 Re8 18. Nh4 Qh5 19. g4 Qxh4 20. Bxf7+ Kh8 21. Bxe8 Nf6 22. Bh5 Qxh3 23. Qf7 Bxg4 24. Bxh6 Nxh5 25. Re3 Qh4 26. Rg3 gxh6 27. Rdd3 Rg8 28. Rg2 exd4 29. cxd4 Qf6 30. Qxf6+ Nxf6 31. f3 Bh5 32. Rxg8+ Kxg8 33. Kf2 Kf7 34. Kg3 Ng8 35. Rc3 Ne7 36. d5 Bg6 37. Rc1 Ng8 38. Rh1 Kg7 39. Kf4 Nf6 40. Rc1 Nd7 41. Rc4 Kf6 42. Kg4 Ne5+ 0-1


[Site "https://www.chess.com"]

[Event "Titled Tuesday Blitz July 11 Late 2023"]
[White "Schwabeneder, Florian"]
[Black "Taboas Rodriguez, Daniel"]
[WhiteFideId "1626191"]
[BlackFideId "2208466"]
[WhiteElo "2659"]
[BlackElo "2495"]
[Result "0-1"]
[Round "4"]
[TimeControl "180+2"]
[Date "2023.07.11"]
[WhiteClock "0:00:03"]
[BlackClock "0:01:17"]
[Board "91"]

1. Nf3 Nf6 2. d4 g6 3. Nbd2 d5 4. b3 Bg7 5. Bb2 O-O 6. e3 Ne4 7. c4 c5 8. cxd5 Nxd2 9. Qxd2 Qxd5 10. Rc1 cxd4 11. Bxd4 Nc6 12. Bc4 Qh5 13. Bxg7 Kxg7 14. Qd5 Bg4 15. Qxh5 Bxh5 16. Ke2 Rfd8 17. Rhd1 Rxd1 18. Rxd1 Rd8 19. Rxd8 Nxd8 20. Kd3 Bxf3 21. gxf3 Kf6 22. Kd4 Kg5 23. Kd5 Kh4 24. Bf1 Ne6 25. f4 g5 26. f5 Nc7+ 27. Ke5 f6+ 28. Ke4 g4 29. Kd4 Kg5 30. Ke4 Ne8 31. Bd3 Nd6+ 32. Kd5 Nxf5 33. Ke6 Nh4 34. Kxe7 h5 35. Be4 b6 36. Kd6 f5 37. Kc6 fxe4 38. Kb7 Nf3 39. Kxa7 Nxh2 40. Kxb6 h4 41. a4 h3 42. a5 Nf3 43. a6 h2 44. a7 h1=Q 45. a8=Q Qh6+ 46. Qc6 Qxc6+ 47. Kxc6 Ne5+ 48. Kd5 Nd3 49. Kxe4 Nxf2+ 50. Kd4 g3 0-1


[Site "https://www.chess.com"]

[Event "Titled Tuesday Blitz July 11 Late 2023"]
[White "Manelyuk, Daniil"]
[Black "Baches Garcia, Guillermo"]
[WhiteFideId "44173920"]
[BlackFideId "2209764"]
[WhiteElo "2640"]
[BlackElo "2464"]
[Result "1-0"]
[Round "4"]
[TimeControl "180+2"]
[Date "2023.07.11"]
[WhiteClock "0:00:22"]
[BlackClock "0:00:00"]
[Board "92"]

1. e4 d5 2. exd5 Qxd5 3. Nc3 Qa5 4. d4 Nf6 5. Nf3 Bf5 6. Bc4 e6 7. O-O Nc6 8. Be3 O-O-O 9. a3 Bg4 10. Nb5 Nd5 11. Bxd5 exd5 12. Nc3 Ne7 13. b4 Qb6 14. h3 Bh5 15. Na4 Qd6 16. Nc5 Nf5 17. Bc1 Nh4 18. g4 Nxf3+ 19. Qxf3 Bg6 20. Bf4 Qc6 21. b5 Qb6 22. Qc3 Bd6 23. Be3 Bxc5 24. dxc5 Qxb5 25. Rfb1 Qc6 26. Qxg7 d4 27. Bxd4 Bxc2 28. Rb2 Be4 29. Qf6 Rhe8 30. Qxc6 Bxc6 31. Be3 Rd3 32. Kh2 Red8 33. Kg3 Rd1 34. Rxd1 Rxd1 35. Rb4 Kd7 36. Rf4 Ke6 37. g5 Rd5 38. Kh4 Rf5 39. Rb4 Bg2 40. Kg4 Bf3+ 41. Kg3 Bc6 42. h4 Rf3+ 43. Kg4 Rf5 44. h5 Bf3+ 45. Kh4 1-0


[Site "https://www.chess.com"]

[Event "Titled Tuesday Blitz July 11 Late 2023"]
[White "Skliarov, Viktor"]
[Black "Gatterer, Florian"]
[WhiteFideId "14106736"]
[BlackFideId "811688"]
[WhiteElo "2630"]
[BlackElo "2459"]
[Result "1-0"]
[Round "4"]
[TimeControl "180+2"]
[Date "2023.07.11"]
[WhiteClock "0:00:24"]
[BlackClock "0:00:00"]
[Board "93"]

1. e4 c5 2. Nf3 e6 3. c3 d5 4. e5 d4 5. Bb5+ Bd7 6. Bxd7+ Nxd7 7. d3 Ne7 8. Bf4 Nf5 9. c4 Be7 10. h3 Rb8 11. Nbd2 Rg8 12. g4 Nh4 13. Nxh4 Bxh4 14. Ne4 Be7 15. Qa4 a6 16. a3 Kf8 17. O-O b5 18. Qxa6 bxc4 19. Qxc4 Rxb2 20. a4 Qc7 21. a5 Nxe5 22. Bxe5 Qxe5 23. a6 f5 24. a7 Kf7 25. f4 Qd5 26. Qxd5 exd5 27. Ng5+ Bxg5 28. fxg5 Ra8 29. Rxf5+ Kg8 30. Rxd5 Rb7 31. Rxc5 Raxa7 32. Rxa7 Rxa7 33. Rd5 Ra4 34. Rd7 g6 35. Kf2 Ra2+ 36. Kg3 Ra4 37. Kf4 Rb4 38. Ke4 Rb1 39. Kxd4 Rh1 40. Ke5 Rxh3 41. d4 Rg3 42. Kf4 Rg1 43. d5 Rf1+ 44. Ke5 Rg1 45. Kf6 Rf1+ 46. Ke6 1-0


[Site "https://www.chess.com"]

[Event "Titled Tuesday Blitz July 11 Late 2023"]
[White "Ehlvest, Jaan"]
[Black "Flynn, Jacob"]
[WhiteFideId "4500016"]
[BlackFideId "2509393"]
[WhiteElo "2612"]
[BlackElo "2454"]
[Result "1-0"]
[Round "4"]
[TimeControl "180+2"]
[Date "2023.07.11"]
[WhiteClock "0:01:04"]
[BlackClock "0:00:00"]
[Board "94"]

1. e4 e5 2. Nc3 Nf6 3. g3 d5 4. exd5 Nxd5 5. Bg2 Nxc3 6. bxc3 Bd6 7. Nf3 Nc6 8. O-O O-O 9. d3 Bg4 10. h3 Bh5 11. Rb1 Rb8 12. Re1 Re8 13. g4 Bg6 14. Ng5 Qd7 15. h4 h6 16. h5 Bxh5 17. gxh5 hxg5 18. Bxg5 Be7 19. Be3 Bf6 20. Be4 Nd8 21. Qf3 Qd6 22. Qf5 Kf8 23. f4 Ne6 24. h6 Ke7 25. fxe5 Bxe5 26. d4 Bh2+ 27. Kh1 gxh6 28. d5 Ng7 29. Qh3 Be5 30. c4 b6 31. Bg2 f5 32. c5 bxc5 33. Rxb8 Rxb8 34. Bf4 Re8 35. Bxe5 1-0


[Site "https://www.chess.com"]

[Event "Titled Tuesday Blitz July 11 Late 2023"]
[White "Sadykov, Ramil"]
[Black "Martin Barcelo, Carles"]
[WhiteFideId "24113590"]
[BlackFideId "24561444"]
[WhiteElo "2612"]
[BlackElo "2430"]
[Result "0-1"]
[Round "4"]
[TimeControl "180+2"]
[Date "2023.07.11"]
[WhiteClock "0:00:00"]
[BlackClock "0:00:30"]
[Board "95"]

1. e4 e6 2. d3 d5 3. Nd2 Nc6 4. Ngf3 Nf6 5. g3 e5 6. exd5 Nxd5 7. Bg2 Be7 8. O-O O-O 9. Re1 f6 10. Nb3 Re8 11. d4 exd4 12. Nbxd4 Nxd4 13. Nxd4 c6 14. Ne6 Bxe6 15. Rxe6 Qd7 16. Re1 Bb4 17. c3 Bc5 18. Bd2 Qf5 19. Qf3 Qc2 20. Red1 Rad8 21. b4 Bb6 22. Rac1 Qxa2 23. c4 Ne7 24. c5 Rxd2 25. cxb6 axb6 26. Bf1 b5 27. Re1 Rdd8 28. Bh3 Ng6 29. Rxe8+ Rxe8 30. Qd3 Ne5 31. Qd6 Qd2 32. Qxd2 Nf3+ 33. Kg2 Nxd2 34. Rd1 Rd8 35. f4 Kf8 36. g4 h6 0-1


[Site "https://www.chess.com"]